 Dungeon Crawl Stone Soup version 0.31-a0-233-g139696dc86 (webtiles) character file.

Game seed: 17735873960696950749

52 Iniera the Sneak (level 3, -4/24 HPs)
             Began as a Vampire Venom Mage on July 9, 2023.
             Slain by a gnoll
             ... wielding a +0 flail of protection
              (13 damage)
             ... on level 2 of the Dungeon.
             The game lasted 00:01:31 (850 turns).

Iniera the Sneak (Vampire Venom Mage)                Turns: 850, Time: 00:01:31

Health: -4/24      AC:  3    Str:  7    XL:     3   Next: 60%
Magic:  4/6        EV: 12    Int: 19    God:
Gold:   96         SH:  0    Dex: 14    Spells: 5/6 levels left

rFire   . . .        f - +1 whip (elec)
rCold   . . .        (no shield)
rNeg    . . .        a - +0 robe
rPois   .            (no helmet)
rElec   .            d - +0 cloak
rCorr   .            (no gloves)
SInv    +            (no boots)
Will    .....        (no amulet)
Stlth   ++           (no ring)
HPRegen 0.44/turn    (no ring)
MPRegen 0.10/turn

%: no passive effects
@: healing quickly
A: alive, fangs 3, see invisible, vampiric 2
a: Exsanguinate


You were on level 2 of the Dungeon.
You visited 1 branch of the dungeon, and saw 2 of its levels.

You collected 96 gold pieces.

Inventory:

Hand Weapons
 f - a +1 whip of electrocution (weapon)
Missiles
 c - 2 poisoned darts
Armour
 a - a +0 robe (worn)
 d - a +0 cloak (worn)
Scrolls
 e - a scroll of poison {unknown}
 g - 3 scrolls of identify {unknown}
 i - a scroll of silence {unknown}
Potions
 b - a potion of magic
 h - 2 potions of degeneration {unknown}
 j - 2 potions of ambrosia {unknown}
 k - a potion of mutation {unknown}


   Skills:
 + Level 2.7 Dodging
 + Level 3.8 Stealth
 + Level 2.4 Spellcasting
 + Level 2.0 Transmutations
 + Level 3.0 Poison Magic


You had 5 spell levels left.
You knew the following spells:

 Your Spells              Type           Power      Damage    Failure   Level
a - Sting                 Tmut/Pois      44%        1d5       6%          1

Your spell library contained the following spells:

 Spells                   Type           Power      Damage    Failure   Level
 Poisonous Vapours        Pois/Air       16%        N/A       13%         2
 Mephitic Cloud           Conj/Pois/Air  6%         N/A       32%         3
 Olgreb's Toxic Radiance  Pois           14%        N/A       41%         4


Dungeon Overview and Level Annotations

Branches:
Dungeon (2/15)

Altars:


Innate Abilities, Weirdness & Mutations

Your natural rate of healing is accelerated.
You have razor-sharp teeth.
You have supernaturally acute eyesight. (SInv)
You are afflicted with vampirism and can become a bat while bloodless.


Message History

The gnoll is moderately wounded.
Unknown command.
A gnoll comes into view. It is wielding a +0 halberd.
The gnoll shouts!
The gnoll closely misses you.
A gnoll comes into view.
It is wielding a +0 flail of protection.
The gnoll shouts!
You hit the gnoll. Lightning courses through the gnoll!
You kill the gnoll!
Your Transmutations skill increases to level 2!
Found 14 gold pieces.
You see here a +0 whip.
The gnoll hits you with a +0 halberd!
You are too injured to fight recklessly!
The gnoll attacks as you move away! The gnoll misses you. x2
You see here a +0 whip.
The gnoll attacks as you move away!
The gnoll hits you with a +0 flail of protection.
Aiming: Sting (safe; 6% risk of failure)
Press: ? - help, Q - select action, (/) - cycle Shift-Dir - straight line, f - gnoll
Aim: a gnoll, wielding a +0 flail of protection (75% to hit)
The sting hits the gnoll.
The gnoll is poisoned.
The gnoll is lightly wounded.
The gnoll hits you with a +0 flail of protection.
* * * LOW HITPOINT WARNING * * *
The gnoll closely misses you.
Unknown command.
Unknown command.
A rat comes into view.
The rat moves out of view.
A giant cockroach comes into view.
Aiming: Sting (safe; 6% risk of failure)
Press: ? - help, Q - select action, (/) - cycle Shift-Dir - straight line, f/p - gnoll
Aim: a gnoll, wielding a +0 flail of protection (heavily wounded, poisoned, 75% to hit)
The sting hits the gnoll but does no damage.
The gnoll looks even sicker.
The gnoll is heavily wounded.
The gnoll hits you with a +0 flail of protection!
Ouch! That really hurt!
You die...

........... .........# #
......$..# ###.# ..######)#
..#.# #.# ....## #.#.########.#
.....### #...g........#
........ ##########.#######.
.....).. ..B....@gg.........
........ ###########.######.
.....### #....# .....# #####
####.## .....#
#...###########..##.#.#
.....####...........#..........
.....'..............'.....>....
.....#####..[.......#..........
.#.### #..........#..........


You could see 2 gnolls and a giant cockroach.

Vanquished Creatures
  A gnoll (D:2)
  A worm (D:2)
  A dart slug (D:1)
  3 orcs (D:2)
  4 ball pythons
  2 endoplasms (D:1)
  A giant cockroach (D:1)
  3 goblins
  5 hobgoblins
  3 kobolds (D:1)
  A quokka (D:1)
  4 bats (D:1)
  2 frilled lizards (D:1)
  2 rats (D:1)
33 creatures vanquished.

Notes
Turn   | Place    | Note
-------+----------+-------------------------------------------
     0 | D:1      | Iniera the Vampire Venom Mage began the quest for the Orb.
     0 | D:1      | Reached XP level 1. HP: 13/13 MP: 3/3
   171 | D:1      | Reached XP level 2. HP: 14/19 MP: 0/5
   672 | D:2      | Gained mutation: You are afflicted with vampirism and can
                  | become a bat while bloodless. [Vampire growth]
   672 | D:2      | Reached XP level 3. HP: 19/24 MP: 6/6
   850 | D:2      | Slain by a gnoll

Illustrated notes

Levels and vault maps discovered:
D:1:      dpeg_arrival_prison, layout_rooms
D:2:      layout_basic, guppyfry_early_orc_mine

Skill      XL: |  1  2  3 |
---------------+----------+-----
Poison Magic   | 3 |  3.0
Transmutations | 2 |  2.0
Dodging        | |  2.7
Stealth        | |  3.8
Spellcasting   | |  2.4

Action                     || total
---------------------------++-------
  Melee: Unarmed           ||    38
         Bite              ||     7
         Whip              ||    49
   Cast: Sting             ||    18
   Stab: Sleeping          ||     6
 Armour: Robe              ||    15
  Dodge: Dodged            ||    69

Table legend: (Time is in decaauts)
 A = Elapsed time spent in this place.
 B = Non-inter-level travel time spent in this place.
 C = Inter-level travel time spent in this place.
 D = Time resting spent in this place.
 E = Time spent auto-exploring this place.
 F = Levels seen in this place.
 G = Mean time per level.
                   A        B        C        D        E       F      G
               +--------+--------+--------+--------+--------+-----+--------+
         Total |    854 |    841 |     13 |      0 |    586 |   2 |  427.0 |
       Dungeon |    854 |    841 |     13 |      0 |    586 |   2 |  427.0 |
               +--------+--------+--------+--------+--------+-----+--------+

Top non-repeatable levels by time:
     D:1: 635 daAuts
     D:2: 218 daAuts
